AoeStats
← Bugsibär

Arabia

503870571Analyzed
1v1 RM · 1mo ago on Sep 2, 2026· 30m 16s· 2 players
Game mode
Random Map
Map size
Tiny (2 player)
Population
200
Speed
Normal
Resources
Standard
Victory
Conquest
Starting age
Dark Age
Ending age
Imperial Age
RankedLock teamsTeams togetherTeam positionsShared explorationLock speedFull tech treeHidden civsTurbo modeCheats
Victory
Defeat
🇬🇧 Mongols · United Kingdom
1892
+11
🇩🇪 Magyars · Germany
1786
-11
Bugsibär
7:15 Loom
10:05 Feudal Age
10:34 Double-Bit Axe
10:30 Horse Collar
20:57 Castle Age
19:23 Fletching
19:34 Padded Archer Armor
20:25 Gold Mining
21:18 Bloodlines
22:29 Bodkin Arrow
Pete
5:47 Loom
8:05 Feudal Age
8:37 Double-Bit Axe
8:37 Horse Collar
17:07 Wheelbarrow
17:04 Fletching
20:57 Castle Age
19:32 Gold Mining
20:06 Padded Archer Armor
21:05 Crossbowman
21:42 Bodkin Arrow
25:12 Ballistics
Connection lost

Rejoining the realm…

Still unreachable

The connection could not be restored.

Session expired

The server has moved on; the page needs a fresh start.